 Dungeon Crawl Stone Soup version 0.31-a0-1074-g0b22e4e0f1 (webtiles) character file.

Game seed: 341399523464549513

218 Hubris850 the Conjurer (level 5, -5/31 HPs)
             Began as an Octopode Conjurer on Dec 8, 2023.
             Slain by Grinder (10 damage)
             ... while paralysed by Grinder
             ... on level 3 of the Dungeon.
             The game lasted 00:05:58 (3197 turns).

Hubris850 the Conjurer (Octopode Conjurer)          Turns: 3197, Time: 00:05:58

Health: -5/31      AC:  1    Str:  6    XL:     5   Next: 95%
Magic:  9/9        EV:  2    Int: 21    God:
Gold:   173        SH:  0    Dex: 12    Spells: 3/10 levels left

rFire   . . .        (no weapon)
rCold   . . .        g - orb {*channel}
rNeg    . . .        (helmet restricted)
rPois   .            k - amulet of magic regeneration
rElec   .            d - ring of wizardry
rCorr   .            (no ring)
SInv    .            (no ring)
Will    .....        (no ring)
Stlth   +++          (no ring)
HPRegen 0.25/turn    (no ring)
MPRegen 0.51/turn    (no ring)
                     (no ring)

%: wizardry (x1), channel magic (20%)
@: paralysed
A: almost no armour, amphibious, 8 rings, camouflage 1, gelatinous body 1,
(nimble swimmer 1), tentacles
a: no special abilities


You were on level 3 of the Dungeon.
You visited 1 branch of the dungeon, and saw 3 of its levels.

You collected 173 gold pieces.

Inventory:

Missiles
 c - 10 poisoned darts
 n - 6 atropa-tipped darts
Armour
 g - an orb of energy (worn)
Jewellery
 d - a ring of wizardry (left tentacle)
 k - an amulet of magic regeneration (around mantle)
Talismans
 e - a maw talisman
Scrolls
 f - 2 scrolls of identify
 h - a scroll of teleportation {unknown}
 j - a scroll of blinking {unknown}
 l - a scroll of enchant armour {unknown}
 m - a scroll of immolation {unknown}
 o - a scroll of vulnerability {unknown}
Potions
 a - a potion of magic
 b - a potion of berserk rage
 i - a potion of lignification
 p - a potion of might
 q - a potion of brilliance {unknown}


   Skills:
 + Level 3.6 Dodging
 - Level 4.0 Stealth
 + Level 3.3 Spellcasting
 + Level 5.0 Conjurations


You had 3 spell levels left.
You knew the following spells:

 Your Spells              Type           Power      Damage    Failure   Level
a - Magic Dart            Conj           96%        1d7       2%          1
b - Searing Ray           Conj           48%        2d6       4%          2
c - Fulminant Prism       Conj/Hex       7%         3d7       32%         4

Your spell library contained the following spells:

 Spells                   Type           Power      Damage    Failure   Level
 Dazzling Flash           Conj/Hex       28%        N/A       13%         3
 Lesser Beckoning         Tloc           6%         N/A       17%         2
 Gell's Gravitas          Tloc           3%         N/A       28%         3
 Teleport Other           Tloc           3%         N/A       28%         3
 Iskenderun's Mystic Bla  Conj/Tloc      14%        2d5       32%         4
 Summon Ice Beast         Ice/Summ       3%         N/A       61%         4
 Summon Mana Viper        Hex/Summ       3%         N/A       89%         5
 Monstrous Menagerie      Summ           1%         N/A       100%        7


Dungeon Overview and Level Annotations

Branches:
Dungeon (3/15)

Altars:
Fedhas

Annotations:
D:3 Grinder


Innate Abilities, Weirdness & Mutations

You cannot wear most types of armour.
You are amphibious.
You can wear up to eight rings at the same time.
Your skin changes colour to match your surroundings (Stealth+).
Your rubbery body absorbs attacks. (AC +1, EV +1)
((You are camouflaged when in or above water. (Stealth+)))
You have tentacles for arms and can constrict up to eight enemies at once.


Message History

The magic dart hits the hobgoblin.
You kill the hobgoblin!
You can't see any susceptible monsters within range! (Use Z to cast anyway.)
A hobgoblin comes into view.
The magic dart hits the hobgoblin.
The hobgoblin is severely wounded.
The hobgoblin throws a stone.
The stone hits you.
The magic dart hits the hobgoblin!
You kill the hobgoblin!
HP restored.
Found a dagger.
Found a falchion.
Found an escape hatch in the ceiling.
There is an open door here.
q - an orange potion
Found a blossoming altar of Fedhas.
You enter the shallow water.
Grinder comes into view.
You see here a scroll labelled YVYCSI INAOSM.
Found a stone staircase leading down.
Grinder barely misses you.
You tentacle-slap Grinder but do no damage.
Your grab misses Grinder. Grinder closely misses you.
You tentacle-slap Grinder. Your grab misses Grinder. You squeeze Grinder.
Grinder is lightly wounded.
Grinder gestures at you.
You barely resist. You completely miss Grinder. Your grab misses Grinder.
Grinder is lightly wounded.
Grinder gestures at you.
You suddenly lose the ability to move!
Grinder hits you! Grinder gestures at you. Pain shoots through your body!
Grinder hits you.
* * * LOW HITPOINT WARNING * * *
You writhe in agony.
* * * LOW HITPOINT WARNING * * *
Grinder hits you!
You die...
Grinder says, "Now the real fun starts!"

)....... #.............#
####.... #...>.........'
..'.... #.............#
###.... #.............#
...... #.............#
#.#.... #.............#
#.####. #.......5.....#
#.##### #......@#
#......
#.......###############.
#.....?...........### #.
#.....$?............###'
#...................#...
#.............~.....#...
#..........~~~~.....#...
#..........~_≈....###...
#.........~..~~...# #...


You could see Grinder.

Vanquished Creatures
  An ogre (D:2)
  3 adders
  4 gnolls (D:2)
  7 ball pythons
  6 bats
  2 endoplasms (D:2)
  3 giant cockroaches
  8 goblins
  6 hobgoblins
  4 jackals (D:2)
  5 kobolds
  2 quokkas (D:2)
  5 frilled lizards
  9 rats
65 creatures vanquished.

Notes
Turn   | Place    | Note
-------+----------+-------------------------------------------
     0 | D:1      | Hubris850 the Octopode Conjurer began the quest for the
                  | Orb.
     0 | D:1      | Reached XP level 1. HP: 11/11 MP: 3/3
   323 | D:1      | Reached XP level 2. HP: 17/17 MP: 0/5
   326 | D:1      | Learned a level 2 spell: Searing Ray
  1534 | D:2      | Reached XP level 3. HP: 21/21 MP: 4/6
  1630 | D:2      | Noticed an ogre
  1637 | D:2      | Killed an ogre
  1638 | D:2      | Reached XP level 4. HP: 27/27 MP: 0/8
  1722 | D:2      | Reached XP level 5. HP: 31/31 MP: 6/9
  1765 | D:2      | Learned a level 4 spell: Fulminant Prism
  1977 | D:2      | Found a faded altar of an unknown god.
  3045 | D:3      | Reached skill level 5 in Conjurations
  3169 | D:3      | Found a blossoming altar of Fedhas.
  3187 | D:3      | Noticed Grinder
  3193 | D:3      | Paralysed by Grinder for 5 turns
  3197 | D:3      | Slain by Grinder

Illustrated notes

Levels and vault maps discovered:
D:1:      dpeg_arrival_water_fire, layout_basic, minmay_misc_feat_x,
          minmay_misc_feat_alley, minivault_5
D:2:      minmay_razor_zed, layout_basic, shapermc_ecumenical_altar_mp_vishouse,
          dk_noncrumbling_3, minmay_misc_feat_ornament
D:3:      cheibrodos_greedy_goblins, layout_basic, fedhas_altar_2,
          uniq_crazy_yiuf_cottage, uniq_jessica, uniq_grinder, uniq_terence

Skill      XL: |  1  2  3  4  5 |
---------------+----------------+-----
Stealth        | 3 4 |  4.0
Dodging        | 3 |  3.6
Spellcasting   | 3 |  3.3
Conjurations   | 5 |  5.0

Action                     |  1- 3 |  4- 6 || total
---------------------------+-------+-------++-------
  Melee: Unarmed           |     1 |     6 ||     7
         Constrict         |       |     2 ||     2
         Tentacles         |       |     2 ||     2
   Cast: Magic Dart        |    43 |    78 ||   121
         Searing Ray       |     1 |     1 ||     2
    Use: Scroll            |       |     3 ||     3
 Armour: Skin              |       |    13 ||    13
  Dodge: Dodged            |     2 |    19 ||    21

Table legend: (Time is in decaauts)
 A = Elapsed time spent in this place.
 B = Non-inter-level travel time spent in this place.
 C = Inter-level travel time spent in this place.
 D = Time resting spent in this place.
 E = Time spent auto-exploring this place.
 F = Levels seen in this place.
 G = Mean time per level.
                   A        B        C        D        E       F      G
               +--------+--------+--------+--------+--------+-----+--------+
         Total |   3196 |   3144 |     52 |    222 |   2608 |   3 | 1065.3 |
       Dungeon |   3196 |   3144 |     52 |    222 |   2608 |   3 | 1065.3 |
               +--------+--------+--------+--------+--------+-----+--------+

Top non-repeatable levels by time:
     D:2: 1530 daAuts
     D:1: 1472 daAuts
     D:3: 192 daAuts
